Pick #1

Pick #2

Pick #3

Pick #4

Pick #5

Pick #6

Pick #7

Pick #8

Pick #9

Pick #10

Pick #11

Pick #12

Pick #13

Pick #14

Pick #15

Pick #16

Pick #17

Pick #18

Pick #19

Pick #20

Pick #21

Pick #22

Pick #23

Pick #24

Pick #25

Pick #26

Pick #27

Pick #28

Pick #29

Pick #30

Pick #31

Pick #32

Pick #33

Pick #34

Pick #35

Pick #36

Pick #37

Pick #38

Pick #39

Pick #40

Pick #41

Pick #42

Pick #43

Pick #44

Pick #45

Pick #46

Pick #47

Pick #48

Pick #49

Pick #50

Pick #51

Pick #52

Pick #53

Pick #54

Pick #55

Pick #56

Pick #57

Pick #58

Pick #59

Pick #60

Pick #61

Pick #62

Pick #63

Pick #64

Pick #65

Pick #66

Pick #67

Pick #68

Pick #69

Pick #70

Pick #71

Pick #72

Pick #73

Pick #74

Pick #75

Pick #76

Pick #77

Pick #78

Pick #79

Pick #80

Pick #81

Pick #82

Pick #83

Pick #84

Pick #85

Pick #86

Pick #87

Pick #88

Pick #89

Pick #90

Pick #91

Pick #92

Pick #93

Pick #94

Pick #95

Pick #96

Pick #97

Pick #98

Pick #99

Pick #100

Pick #101

Pick #102

Pick #103

Pick #104

Pick #105

Pick #106

Pick #107

Pick #108

Pick #109

Pick #110

Pick #111

Pick #112

Pick #113

Pick #114

Pick #115

Pick #116

Pick #117

Pick #118

Pick #119

Pick #120

Pick #121

Pick #122

Pick #123

Pick #124

Pick #125

Pick #126

Pick #127

Pick #128

Pick #129

Pick #130

Full Scoreboard »»

Oilers vs Flames

Created - April 12, 2024 at 22:41

Goals
1 2 3 T
Oilers 0 2 3 5
Flames 3 2 2 7
Shots
1 2 3 T
Oilers 5 7 11 23
Flames 13 11 12 36

GoalsPenalties
1st period
1. Flames , Dmitry Orlov 1 (Adam Larsson 5, Lawson Crouse 2) at 3:13 (PP)
2. Flames , Jordan Staal 1 (Jordan Kyrou 2, Jordan Eberle 1) at 15:46
3. Flames , Alex Ovechkin 2 (Sebastian Aho 6, Steven Stamkos 6) at 17:31
Ryan Johansen (EDM) for Holding (Minor) at 2:27
Erik Gudbranson (CGY) for Slashing (Minor) at 9:12
2nd period
4. Oilers , Ryan Johansen 2 (Jamie Drysdale 2, Brock Boeser 2) at 0:24
5. Flames , Sebastian Aho 2 (Steven Stamkos 7) at 3:45 (PP)
6. Oilers , Alexander Barabanov 1 (Ryan Johansen 1, Jamie Drysdale 3) at 6:07 (PP)
7. Flames , Jordan Eberle 2 (Adam Larsson 6, Jordan Staal 1) at 9:33
Mattias Samuelsson (EDM) for Tripping (Minor) at 1:57
Josh Morrissey (CGY) for Cross-checking (Minor) at 5:25
Alex Ovechkin (CGY) for Tripping (Minor) at 12:26
Ryan Johansen (EDM) for Hooking (Minor) at 17:49
3rd period
8. Oilers , Cole Perfetti 2 (Troy Stecher 1, Jamie Drysdale 4) at 7:16
9. Flames , Alex DeBrincat 1 (John Tavares 2, Josh Morrissey 3) at 7:40
10. Oilers , Ryan Johansen 3 (Brock Boeser 3, Brandon Hagel 5) at 11:20
11. Flames , Jordan Eberle 3 (Jordan Staal 2, Josh Morrissey 4) at 11:55
12. Oilers , Troy Stecher 2 (Casey Cizikas 1, Jakob Silfverberg 2) at 13:37
Antti Raanta (CGY) for Slashing (Minor) at 3:19 - Josh Morrissey served the penalty.
Mattias Samuelsson (EDM) for Interference (Minor) at 14:14
Lawson Crouse (CGY) for Fighting (Major) at 17:25
Troy Stecher (EDM) for Fighting (Major) at 17:25
Goalie Stats
Jack Campbell (EDM), 29 saves from 36 shots - (0.806), L, 1-4-0, 60:00 minutes
Antti Raanta (CGY), 18 saves from 23 shots - (0.783), W, 3-0-0, 60:00 minutes
3 StarsOfficial
1 - Jordan Staal (CGY)
2 - Jordan Eberle (CGY)
3 - Ryan Johansen (EDM)
Referees : Tom Chmielewski and Ian Walsh
Linesman : David Brisebois and Travis Toomey
Game Note
Troy Stecher beats up Lawson Crouse at 17:25 of 3rd period
Finance
Level 1 -- Attendance: 5170 (79.54%) -- Ticket Income $646,250
Level 2 -- Attendance: 5000 (100.00%) -- Ticket Income $375,000
Level 3 -- Attendance: 3386 (96.74%) -- Ticket Income $169,300
Level 4 -- Attendance: 2887 (87.78%) -- Ticket Income $124,141
Luxury Box -- Attendance: 1000 (100.00%) -- Ticket Income $150,000
Game was played at the Scotiabank Saddledome.
Total Attendance: 17443 (90.43%)
Total Ticket Income: $1,464,691
Other Income: $366,173
Total Income: $1,830,864



Team Name Goals Shots Shots Attemp Shots Blocked PIM HIT PP PK FO%
Oilers 523401413121 / 4 (25%)248%
Flames 73680513242 / 4 (50%)152%

Oilers
Player Name POS G A P +/- PIM HIT SHT SB MP PP MP PP SHT PK MP PK SHT FO% FOT
Alexander BarabanovLW101-3014115:554:0810:0000% 0
Brandon HagelLW0112012016:402:3103:16025% 8
Brock BoeserRW0222002013:242:3100:000100% 1
Casey CizikasC0111011012:120:0000:00069% 16
Cole PerfettiC101-1002016:054:0810:00060% 5
Dylan StromeC000-1002017:442:3103:16063% 16
Jakob SilfverbergRW0111001015:280:0003:16050% 2
Jamie DrysdaleD0333001118:283:1310:0000% 0
Josh BaileyRW000-3001014:402:5300:0000% 3
Kasperi KapanenRW0001002012:120:0000:0000% 0
Mattias SamuelssonD000-1420316:270:0000:0000% 0
Nikita ZaitsevD000-3010121:543:2603:2300% 0
Ondrej PalatLW000-1010016:054:0800:0000% 1
Paul StastnyC000-3000013:150:0001:28029% 17
Ryan JohansenC2132414015:523:1311:48050% 16
Scott MayfieldD000-1020420:470:0003:0900% 0
Troy StecherD1123511217:140:0003:0900% 0
Vladislav GavrikovD000-3010219:010:3303:2300% 0
Flames
Player Name POS G A P +/- PIM HIT SHT SB MP PP MP PP SHT PK MP PK SHT FO% FOT
Adam LarssonD022-1031024:304:1714:1100% 0
Alex DeBrincatRW1010012017:190:0000:0000% 0
Alex OvechkinLW1010246020:573:1910:00067% 3
Dmitry OrlovD1011025018:494:1740:0000% 0
Erik GudbransonD0001202213:460:0002:3700% 0
Esa LindellD000-1000017:180:0001:1600% 0
Jakub VranaLW000000005:450:0004:1600% 0
Jared SpurgeonD0001020221:532:1503:2300% 0
John TavaresC0110001020:323:1300:00057% 28
Jordan EberleRW2131013011:510:0000:0000% 0
Jordan KyrouC0111001015:043:1300:0000% 1
Jordan StaalC1231061017:430:0004:16047% 19
Josh MorrisseyD0221211123:422:1511:5100% 0
Lawson CrouseLW0110532018:553:1300:0000% 0
Pierre-Edouard BellemareLW000000002:230:0002:2300% 0
Sean KuralyC000000002:230:0002:23050% 2
Sebastian AhoC1120006019:293:1920:00050% 2
Steven StamkosC0220015020:583:1920:00050% 30



Play-by-Play

1st period


0:01 of 1st period - Steven Stamkos wins face-off versus Ryan Johansen in neutral zone.
0:10 of 1st period - Shot by Alex Ovechkin.
0:10 of 1st period - Stopped by Jack Campbell without a rebound.
0:11 of 1st period - John Tavares wins face-off versus Dylan Strome in Oilers zone.
0:34 of 1st period - Shot by Alex DeBrincat.
0:34 of 1st period - Shot Blocked by Troy Stecher.
1:11 of 1st period - Icing by Esa Lindell.
1:12 of 1st period - Casey Cizikas wins face-off versus John Tavares in Flames zone.
1:17 of 1st period - Shot by Jakob Silfverberg.
1:17 of 1st period - Stopped by Antti Raanta without a rebound.
1:18 of 1st period - Casey Cizikas wins face-off versus Jordan Staal in Flames zone.
1:23 of 1st period - Shot by Kasperi Kapanen.
1:23 of 1st period - Shot Misses the Net.
1:44 of 1st period - Shot by Jordan Staal.
1:44 of 1st period - Shot Misses the Net.
1:46 of 1st period - Shot by Erik Gudbranson.
1:46 of 1st period - Stopped by Jack Campbell without a rebound.
1:47 of 1st period - Steven Stamkos wins face-off versus Ryan Johansen in Oilers zone.
1:48 of 1st period - Shot by Alex Ovechkin.
1:48 of 1st period - Shot Misses the Net.
2:01 of 1st period - Brandon Hagel is hit by Alex Ovechkin and loses puck.
2:17 of 1st period - Brandon Hagel is hit by Josh Morrissey and loses puck.
2:27 of 1st period - Minor Penalty to Ryan Johansen for Holding.
2:28 of 1st period - John Tavares wins face-off versus Paul Stastny in Oilers zone.
2:46 of 1st period - Icing by Adam Larsson.
2:47 of 1st period - Dylan Strome wins face-off versus John Tavares in Flames zone.
3:09 of 1st period - Shot by Lawson Crouse.
3:09 of 1st period - Shot Misses the Net.
3:11 of 1st period - Shot by Adam Larsson.
3:11 of 1st period - Shot Blocked by Scott Mayfield.
3:13 of 1st period - Shot by Dmitry Orlov.
3:13 of 1st period - Goal by Dmitry Orlov - Oilers : 0 - Flames : 1.
3:14 of 1st period - Casey Cizikas wins face-off versus Steven Stamkos in neutral zone.
3:25 of 1st period - Kasperi Kapanen is hit by Jared Spurgeon and loses puck.
3:50 of 1st period - Shot by Sebastian Aho.
3:50 of 1st period - Stopped by Jack Campbell without a rebound.
3:51 of 1st period - Jordan Staal wins face-off versus Paul Stastny in Oilers zone.
3:54 of 1st period - Shot by Jordan Kyrou.
3:54 of 1st period - Shot Misses the Net.
5:28 of 1st period - Shot by Lawson Crouse.
5:28 of 1st period - Shot Misses the Net.
6:09 of 1st period - Off-side.
6:10 of 1st period - Paul Stastny wins face-off versus Steven Stamkos in neutral zone.
6:33 of 1st period - Shot by Josh Bailey.
6:33 of 1st period - Deflect By Alexander Barabanov.
6:33 of 1st period - Shot Misses the Net.
6:35 of 1st period - Shot by Mattias Samuelsson.
6:35 of 1st period - Shot Blocked by Josh Morrissey.
6:37 of 1st period - Shot by Alexander Barabanov.
6:37 of 1st period - Stopped by Antti Raanta without a rebound.
6:38 of 1st period - Jakob Silfverberg wins face-off versus Jordan Kyrou in Flames zone.
6:38 of 1st period - Casey Cizikas is hit by Adam Larsson and loses puck.
8:44 of 1st period - Off-side.
8:45 of 1st period - Alex Ovechkin wins face-off versus Paul Stastny in neutral zone.
8:59 of 1st period - Shot by Alexander Barabanov.
8:59 of 1st period - Stopped by Antti Raanta with a rebound.
9:01 of 1st period - Shot by Mattias Samuelsson.
9:01 of 1st period - Shot Misses the Net.
9:04 of 1st period - Josh Bailey is hit by Dmitry Orlov and loses puck.
9:12 of 1st period - Minor Penalty to Erik Gudbranson for Slashing.
9:13 of 1st period - Cole Perfetti wins face-off versus Jordan Staal in Flames zone.
10:49 of 1st period - Josh Morrissey is hit by Ondrej Palat and loses puck.
11:13 of 1st period - Off-side.
11:14 of 1st period - Steven Stamkos wins face-off versus Jakob Silfverberg in neutral zone.
11:31 of 1st period - Shot by Sebastian Aho.
11:31 of 1st period - Stopped by Jack Campbell with a rebound.
11:33 of 1st period - Shot by Erik Gudbranson.
11:33 of 1st period - Stopped by Jack Campbell without a rebound.
11:34 of 1st period - Casey Cizikas wins face-off versus John Tavares in Oilers zone.
11:34 of 1st period - Casey Cizikas is hit by Alex DeBrincat.
12:51 of 1st period - Off-side.
12:52 of 1st period - Jordan Staal wins face-off versus Paul Stastny in neutral zone.
13:07 of 1st period - Shot by Dmitry Orlov.
13:07 of 1st period - Stopped by Jack Campbell without a rebound.
13:08 of 1st period - Alex Ovechkin wins face-off versus Ryan Johansen in Oilers zone.
13:12 of 1st period - Sebastian Aho is hit by Vladislav Gavrikov and loses puck.
14:34 of 1st period - Shot by Dylan Strome.
14:34 of 1st period - Stopped by Antti Raanta without a rebound.
14:35 of 1st period - John Tavares wins face-off versus Paul Stastny in Flames zone.
15:09 of 1st period - John Tavares is hit by Scott Mayfield and loses puck.
15:17 of 1st period - John Tavares is hit by Mattias Samuelsson and loses puck.
15:35 of 1st period - Paul Stastny is hit by Jordan Staal and loses puck.
15:46 of 1st period - Shot by Jordan Staal.
15:46 of 1st period - Goal by Jordan Staal - Oilers : 0 - Flames : 2.
15:47 of 1st period - Dylan Strome wins face-off versus Steven Stamkos in neutral zone.
16:17 of 1st period - Shot by Sebastian Aho.
16:17 of 1st period - Stopped by Jack Campbell without a rebound.
16:18 of 1st period - Jordan Staal wins face-off versus Casey Cizikas in Oilers zone.
16:27 of 1st period - Vladislav Gavrikov is hit by Jordan Staal and loses puck.
16:38 of 1st period - Shot by Jordan Staal.
16:38 of 1st period - Shot Misses the Net.
17:07 of 1st period - Off-side.
17:08 of 1st period - Dylan Strome wins face-off versus Steven Stamkos in neutral zone.
17:20 of 1st period - Shot by Steven Stamkos.
17:20 of 1st period - Stopped by Jack Campbell without a rebound.
17:21 of 1st period - John Tavares wins face-off versus Paul Stastny in Oilers zone.
17:27 of 1st period - Icing by Mattias Samuelsson.
17:28 of 1st period - Steven Stamkos wins face-off versus Paul Stastny in Oilers zone.
17:31 of 1st period - Shot by Alex Ovechkin.
17:31 of 1st period - Goal by Alex Ovechkin - Oilers : 0 - Flames : 3.
17:32 of 1st period - John Tavares wins face-off versus Ryan Johansen in neutral zone.
17:37 of 1st period - Shot by Alex DeBrincat.
17:37 of 1st period - Stopped by Jack Campbell without a rebound.
17:38 of 1st period - Steven Stamkos wins face-off versus Ryan Johansen in Oilers zone.
17:39 of 1st period - Shot by Jared Spurgeon.
17:39 of 1st period - Shot Blocked by Jamie Drysdale.
18:00 of 1st period - Shot by Alex Ovechkin.
18:00 of 1st period - Stopped by Jack Campbell without a rebound.
18:01 of 1st period - John Tavares wins face-off versus Paul Stastny in Oilers zone.
18:18 of 1st period - Alexander Barabanov is hit by Lawson Crouse and loses puck.
18:35 of 1st period - Lawson Crouse is hit by Alexander Barabanov and loses puck.
18:44 of 1st period - Shot by Josh Bailey.
18:44 of 1st period - Stopped by Antti Raanta without a rebound.
18:45 of 1st period - Cole Perfetti wins face-off versus Steven Stamkos in Flames zone.
18:54 of 1st period - Shot by Steven Stamkos.
18:54 of 1st period - Shot Blocked by Scott Mayfield.
18:58 of 1st period - Shot by Sebastian Aho.
18:58 of 1st period - Deflect By Steven Stamkos.
18:58 of 1st period - Shot Blocked by Scott Mayfield.
19:02 of 1st period - Shot by Alex Ovechkin.
19:02 of 1st period - Shot Misses the Net.
19:16 of 1st period - Shot by Alex Ovechkin.
19:16 of 1st period - Shot Blocked by Mattias Samuelsson.
19:53 of 1st period - Ondrej Palat is hit by Jordan Staal and loses puck.
Goals for this period are 0 for Oilers vs 3 for Flames.
Shots for this period are 5 for Oilers vs 13 for Flames.

2nd period


0:01 of 2nd period - Ryan Johansen wins face-off versus John Tavares in neutral zone.
0:24 of 2nd period - Shot by Ryan Johansen.
0:24 of 2nd period - Goal by Ryan Johansen - Oilers : 1 - Flames : 3.
0:25 of 2nd period - Steven Stamkos wins face-off versus Casey Cizikas in neutral zone.
0:36 of 2nd period - Shot by Alex Ovechkin.
0:36 of 2nd period - Stopped by Jack Campbell without a rebound.
0:37 of 2nd period - Paul Stastny wins face-off versus John Tavares in Oilers zone.
1:53 of 2nd period - Off-side.
1:54 of 2nd period - Jordan Staal wins face-off versus Ryan Johansen in neutral zone.
1:56 of 2nd period - Dmitry Orlov is hit by Scott Mayfield.
1:57 of 2nd period - Minor Penalty to Mattias Samuelsson for Tripping.
1:58 of 2nd period - Brandon Hagel wins face-off versus Sebastian Aho in Oilers zone.
2:11 of 2nd period - Shot by Jared Spurgeon.
2:11 of 2nd period - Deflect By Steven Stamkos.
2:11 of 2nd period - Stopped by Jack Campbell without a rebound.
2:12 of 2nd period - John Tavares wins face-off versus Brandon Hagel in Oilers zone.
2:28 of 2nd period - Adam Larsson is hit by Ryan Johansen.
2:46 of 2nd period - Icing by Jordan Kyrou.
2:47 of 2nd period - Brandon Hagel wins face-off versus John Tavares in Flames zone.
3:33 of 2nd period - Shot by Josh Morrissey.
3:33 of 2nd period - Shot Misses the Net.
3:39 of 2nd period - Shot by Jared Spurgeon.
3:39 of 2nd period - Shot Blocked by Vladislav Gavrikov.
3:41 of 2nd period - Shot by Josh Morrissey.
3:41 of 2nd period - Stopped by Jack Campbell without a rebound.
3:42 of 2nd period - Steven Stamkos wins face-off versus Brandon Hagel in Oilers zone.
3:45 of 2nd period - Shot by Sebastian Aho.
3:45 of 2nd period - Goal by Sebastian Aho - Oilers : 1 - Flames : 4.
3:46 of 2nd period - Casey Cizikas wins face-off versus Jordan Staal in neutral zone.
3:55 of 2nd period - Mattias Samuelsson is hit by Jordan Eberle.
4:11 of 2nd period - Kasperi Kapanen is hit by Jordan Staal and loses puck.
4:43 of 2nd period - Sebastian Aho is hit by Mattias Samuelsson and loses puck.
4:49 of 2nd period - Icing by Mattias Samuelsson.
4:50 of 2nd period - Casey Cizikas wins face-off versus John Tavares in Oilers zone.
4:50 of 2nd period - Jakob Silfverberg is hit by Lawson Crouse and loses puck.
5:04 of 2nd period - Dmitry Orlov is hit by Brandon Hagel and loses puck.
5:19 of 2nd period - Shot by Ryan Johansen.
5:19 of 2nd period - Shot Blocked by Erik Gudbranson.
5:23 of 2nd period - Shot by Brandon Hagel.
5:23 of 2nd period - Stopped by Antti Raanta without a rebound.
5:24 of 2nd period - Dylan Strome wins face-off versus Steven Stamkos in Flames zone.
5:24 of 2nd period - Dylan Strome is hit by Jared Spurgeon.
5:25 of 2nd period - Minor Penalty to Josh Morrissey for Cross-checking.
5:26 of 2nd period - Jordan Staal wins face-off versus Ondrej Palat in Flames zone.
5:37 of 2nd period - Shot by Alexander Barabanov.
5:37 of 2nd period - Shot Misses the Net.
6:07 of 2nd period - Shot by Alexander Barabanov.
6:07 of 2nd period - Goal by Alexander Barabanov - Oilers : 2 - Flames : 4.
6:08 of 2nd period - Casey Cizikas wins face-off versus Alex Ovechkin in neutral zone.
6:27 of 2nd period - Icing by Josh Morrissey.
6:28 of 2nd period - Steven Stamkos wins face-off versus Paul Stastny in Flames zone.
6:35 of 2nd period - Shot by Alex Ovechkin.
6:35 of 2nd period - Shot Blocked by Mattias Samuelsson.
6:37 of 2nd period - Shot by Steven Stamkos.
6:37 of 2nd period - Shot Misses the Net.
8:26 of 2nd period - Shot by Brock Boeser.
8:26 of 2nd period - Stopped by Antti Raanta without a rebound.
8:27 of 2nd period - Dylan Strome wins face-off versus Steven Stamkos in Flames zone.
9:29 of 2nd period - Shot by Jordan Staal.
9:29 of 2nd period - Shot Misses the Net.
9:33 of 2nd period - Shot by Jordan Eberle.
9:33 of 2nd period - Goal by Jordan Eberle - Oilers : 2 - Flames : 5.
9:34 of 2nd period - John Tavares wins face-off versus Ryan Johansen in neutral zone.
9:53 of 2nd period - Shot by Brandon Hagel.
9:53 of 2nd period - Deflect By Ryan Johansen.
9:53 of 2nd period - Shot Blocked by Jared Spurgeon.
9:55 of 2nd period - Shot by Jamie Drysdale.
9:55 of 2nd period - Shot Misses the Net.
10:32 of 2nd period - Brandon Hagel is hit by Lawson Crouse and loses puck.
11:18 of 2nd period - Shot by Alex Ovechkin.
11:18 of 2nd period - Stopped by Jack Campbell with a rebound.
11:35 of 2nd period - Mattias Samuelsson is hit by Adam Larsson and loses puck.
11:41 of 2nd period - Off-side.
11:42 of 2nd period - Jordan Staal wins face-off versus Dylan Strome in neutral zone.
11:44 of 2nd period - Off-side.
11:45 of 2nd period - Jordan Staal wins face-off versus Dylan Strome in neutral zone.
12:18 of 2nd period - Shot by Dmitry Orlov.
12:18 of 2nd period - Shot Misses the Net.
12:20 of 2nd period - Shot by Jordan Eberle.
12:20 of 2nd period - Stopped by Jack Campbell without a rebound.
12:21 of 2nd period - Ryan Johansen wins face-off versus Steven Stamkos in Oilers zone.
12:21 of 2nd period - Ryan Johansen is hit by Steven Stamkos.
12:26 of 2nd period - Minor Penalty to Alex Ovechkin for Tripping.
12:27 of 2nd period - Dylan Strome wins face-off versus Jordan Staal in Flames zone.
12:46 of 2nd period - Shot by Brock Boeser.
12:46 of 2nd period - Shot Blocked by Erik Gudbranson.
12:48 of 2nd period - Shot by Brandon Hagel.
12:48 of 2nd period - Shot Misses the Net.
12:50 of 2nd period - Shot by Ryan Johansen.
12:50 of 2nd period - Stopped by Antti Raanta without a rebound.
12:51 of 2nd period - Sean Kuraly wins face-off versus Cole Perfetti in Flames zone.
13:06 of 2nd period - Shot by Cole Perfetti.
13:06 of 2nd period - Stopped by Antti Raanta without a rebound.
13:07 of 2nd period - Dylan Strome wins face-off versus Jordan Staal in Flames zone.
14:45 of 2nd period - Shot by John Tavares.
14:45 of 2nd period - Shot Misses the Net.
14:47 of 2nd period - Shot by Lawson Crouse.
14:47 of 2nd period - Shot Blocked by Mattias Samuelsson.
15:22 of 2nd period - Off-side.
15:23 of 2nd period - Paul Stastny wins face-off versus Steven Stamkos in neutral zone.
15:28 of 2nd period - Shot by Alexander Barabanov.
15:28 of 2nd period - Stopped by Antti Raanta with a rebound.
16:31 of 2nd period - Dmitry Orlov is hit by Troy Stecher and loses puck.
16:38 of 2nd period - Shot by Jordan Kyrou.
16:38 of 2nd period - Stopped by Jack Campbell without a rebound.
16:39 of 2nd period - John Tavares wins face-off versus Dylan Strome in Oilers zone.
17:49 of 2nd period - Minor Penalty to Ryan Johansen for Hooking.
17:50 of 2nd period - Sebastian Aho wins face-off versus Brandon Hagel in Oilers zone.
17:53 of 2nd period - Shot by Dmitry Orlov.
17:53 of 2nd period - Shot Misses the Net.
17:55 of 2nd period - Shot by Alex Ovechkin.
17:55 of 2nd period - Shot Blocked by Vladislav Gavrikov.
17:59 of 2nd period - Shot by Steven Stamkos.
17:59 of 2nd period - Shot Misses the Net.
18:24 of 2nd period - Shot by Adam Larsson.
18:24 of 2nd period - Shot Blocked by Nikita Zaitsev.
18:26 of 2nd period - Shot by Dmitry Orlov.
18:26 of 2nd period - Stopped by Jack Campbell without a rebound.
18:27 of 2nd period - Paul Stastny wins face-off versus John Tavares in Oilers zone.
19:13 of 2nd period - Shot by Steven Stamkos.
19:13 of 2nd period - Shot Misses the Net.
19:15 of 2nd period - Shot by Adam Larsson.
19:15 of 2nd period - Shot Misses the Net.
19:17 of 2nd period - Shot by Adam Larsson.
19:17 of 2nd period - Stopped by Jack Campbell without a rebound.
19:18 of 2nd period - Steven Stamkos wins face-off versus Brandon Hagel in Oilers zone.
19:21 of 2nd period - Shot by Sebastian Aho.
19:21 of 2nd period - Stopped by Jack Campbell with a rebound.
19:23 of 2nd period - Shot by Sebastian Aho.
19:23 of 2nd period - Shot Misses the Net.
19:37 of 2nd period - Shot by Steven Stamkos.
19:37 of 2nd period - Shot Misses the Net.
19:39 of 2nd period - Shot by Dmitry Orlov.
19:39 of 2nd period - Shot Misses the Net.
19:41 of 2nd period - Shot by Adam Larsson.
19:41 of 2nd period - Shot Misses the Net.
19:43 of 2nd period - Shot by Dmitry Orlov.
19:43 of 2nd period - Shot Blocked by Scott Mayfield.
19:45 of 2nd period - Shot by Sebastian Aho.
19:45 of 2nd period - Shot Misses the Net.
19:47 of 2nd period - Shot by Adam Larsson.
19:47 of 2nd period - Shot Misses the Net.
19:49 of 2nd period - Shot by Adam Larsson.
19:49 of 2nd period - Shot Misses the Net.
Goals for this period are 2 for Oilers vs 2 for Flames.
Shots for this period are 7 for Oilers vs 11 for Flames.

3rd period


0:01 of 3rd period - Ryan Johansen wins face-off versus Steven Stamkos in neutral zone.
0:54 of 3rd period - Vladislav Gavrikov is hit by Alex Ovechkin and loses puck.
1:28 of 3rd period - Shot by Dylan Strome.
1:28 of 3rd period - Stopped by Antti Raanta without a rebound.
1:29 of 3rd period - John Tavares wins face-off versus Josh Bailey in Flames zone.
1:34 of 3rd period - Shot by Scott Mayfield.
1:34 of 3rd period - Shot Misses the Net.
2:46 of 3rd period - Icing by Troy Stecher.
2:47 of 3rd period - Ryan Johansen wins face-off versus Steven Stamkos in Oilers zone.
3:11 of 3rd period - Icing by Josh Morrissey.
3:12 of 3rd period - Casey Cizikas wins face-off versus Steven Stamkos in Flames zone.
3:13 of 3rd period - Shot by Jakob Silfverberg.
3:13 of 3rd period - Deflect By Kasperi Kapanen.
3:13 of 3rd period - Shot Blocked by Jared Spurgeon.
3:19 of 3rd period - Shot by Kasperi Kapanen.
3:19 of 3rd period - Stopped by Antti Raanta without a rebound.
3:19 of 3rd period - Minor Penalty to Antti Raanta for Slashing.
3:20 of 3rd period - Jordan Staal wins face-off versus Cole Perfetti in Flames zone.
5:10 of 3rd period - Shot by Ryan Johansen.
5:10 of 3rd period - Shot Misses the Net.
5:12 of 3rd period - Shot by Jamie Drysdale.
5:12 of 3rd period - Stopped by Antti Raanta without a rebound.
5:13 of 3rd period - Dylan Strome wins face-off versus Sean Kuraly in Flames zone.
6:18 of 3rd period - Jamie Drysdale is hit by Alex Ovechkin and loses puck.
6:24 of 3rd period - Off-side.
6:25 of 3rd period - Ryan Johansen wins face-off versus Jordan Staal in neutral zone.
6:38 of 3rd period - Shot by Brock Boeser.
6:38 of 3rd period - Stopped by Antti Raanta without a rebound.
6:39 of 3rd period - John Tavares wins face-off versus Paul Stastny in Flames zone.
6:44 of 3rd period - Shot by Lawson Crouse.
6:44 of 3rd period - Stopped by Jack Campbell without a rebound.
6:45 of 3rd period - Dylan Strome wins face-off versus Jordan Staal in Oilers zone.
7:10 of 3rd period - Shot by Dylan Strome.
7:10 of 3rd period - Shot Misses the Net.
7:16 of 3rd period - Shot by Cole Perfetti.
7:16 of 3rd period - Goal by Cole Perfetti - Oilers : 3 - Flames : 5.
7:17 of 3rd period - John Tavares wins face-off versus Paul Stastny in neutral zone.
7:26 of 3rd period - Shot by Josh Morrissey.
7:26 of 3rd period - Shot Blocked by Alexander Barabanov.
7:28 of 3rd period - Shot by Jared Spurgeon.
7:28 of 3rd period - Shot Misses the Net.
7:30 of 3rd period - Shot by John Tavares.
7:30 of 3rd period - Shot Misses the Net.
7:40 of 3rd period - Shot by Alex DeBrincat.
7:40 of 3rd period - Goal by Alex DeBrincat - Oilers : 3 - Flames : 6.
7:41 of 3rd period - Steven Stamkos wins face-off versus Casey Cizikas in neutral zone.
8:05 of 3rd period - Shot by Steven Stamkos.
8:05 of 3rd period - Stopped by Jack Campbell without a rebound.
8:06 of 3rd period - John Tavares wins face-off versus Dylan Strome in Oilers zone.
8:17 of 3rd period - Shot by Dylan Strome.
8:17 of 3rd period - Shot Misses the Net.
9:23 of 3rd period - Shot by Sebastian Aho.
9:23 of 3rd period - Stopped by Jack Campbell without a rebound.
9:24 of 3rd period - Ryan Johansen wins face-off versus Jordan Staal in Oilers zone.
9:41 of 3rd period - Shot by Ryan Johansen.
9:41 of 3rd period - Stopped by Antti Raanta without a rebound.
9:42 of 3rd period - Casey Cizikas wins face-off versus Steven Stamkos in Flames zone.
9:44 of 3rd period - Kasperi Kapanen is hit by Adam Larsson and loses puck.
10:23 of 3rd period - Shot by Steven Stamkos.
10:23 of 3rd period - Shot Misses the Net.
10:36 of 3rd period - Icing by Alex Ovechkin.
10:37 of 3rd period - Steven Stamkos wins face-off versus Josh Bailey in Flames zone.
10:44 of 3rd period - Josh Bailey is hit by Alex Ovechkin and loses puck.
10:54 of 3rd period - Icing by Esa Lindell.
10:55 of 3rd period - Steven Stamkos wins face-off versus Brandon Hagel in Flames zone.
11:20 of 3rd period - Shot by Ryan Johansen.
11:20 of 3rd period - Goal by Ryan Johansen - Oilers : 4 - Flames : 6.
11:21 of 3rd period - Cole Perfetti wins face-off versus Jordan Staal in neutral zone.
11:27 of 3rd period - Vladislav Gavrikov is hit by Jordan Staal and loses puck.
11:47 of 3rd period - Jordan Eberle is hit by Nikita Zaitsev.
11:51 of 3rd period - Shot by Jordan Staal.
11:51 of 3rd period - Shot Misses the Net.
11:53 of 3rd period - Shot by Jordan Staal.
11:53 of 3rd period - Shot Misses the Net.
11:55 of 3rd period - Shot by Jordan Eberle.
11:55 of 3rd period - Goal by Jordan Eberle - Oilers : 4 - Flames : 7.
11:56 of 3rd period - John Tavares wins face-off versus Josh Bailey in neutral zone.
12:05 of 3rd period - Shot by Lawson Crouse.
12:05 of 3rd period - Stopped by Jack Campbell without a rebound.
12:06 of 3rd period - Brock Boeser wins face-off versus John Tavares in Oilers zone.
12:28 of 3rd period - Shot by Brandon Hagel.
12:28 of 3rd period - Stopped by Antti Raanta without a rebound.
12:29 of 3rd period - Paul Stastny wins face-off versus Jordan Staal in Flames zone.
12:52 of 3rd period - Shot by Alexander Barabanov.
12:52 of 3rd period - Shot Misses the Net.
13:24 of 3rd period - Jared Spurgeon is hit by Casey Cizikas and loses puck.
13:35 of 3rd period - Shot by Casey Cizikas.
13:35 of 3rd period - Shot Misses the Net.
13:37 of 3rd period - Shot by Troy Stecher.
13:37 of 3rd period - Goal by Troy Stecher - Oilers : 5 - Flames : 7.
13:38 of 3rd period - Dylan Strome wins face-off versus John Tavares in neutral zone.
14:14 of 3rd period - Minor Penalty to Mattias Samuelsson for Interference.
14:15 of 3rd period - Steven Stamkos wins face-off versus Brandon Hagel in Oilers zone.
14:32 of 3rd period - Shot by Dmitry Orlov.
14:32 of 3rd period - Stopped by Jack Campbell with a rebound.
14:46 of 3rd period - Shot by Alex Ovechkin.
14:46 of 3rd period - Stopped by Jack Campbell with a rebound.
14:48 of 3rd period - Shot by Steven Stamkos.
14:48 of 3rd period - Stopped by Jack Campbell without a rebound.
14:49 of 3rd period - John Tavares wins face-off versus Ryan Johansen in Oilers zone.
16:01 of 3rd period - Shot by Alex Ovechkin.
16:01 of 3rd period - Deflect By Steven Stamkos.
16:01 of 3rd period - Shot Misses the Net.
16:03 of 3rd period - Shot by Dmitry Orlov.
16:03 of 3rd period - Shot Misses the Net.
16:05 of 3rd period - Shot by Dmitry Orlov.
16:05 of 3rd period - Stopped by Jack Campbell without a rebound.
16:06 of 3rd period - Ryan Johansen wins face-off versus Steven Stamkos in Oilers zone.
16:50 of 3rd period - Scott Mayfield is hit by Jordan Staal and loses puck.
17:07 of 3rd period - Shot by John Tavares.
17:07 of 3rd period - Stopped by Jack Campbell without a rebound.
17:08 of 3rd period - Steven Stamkos wins face-off versus Casey Cizikas in Oilers zone.
17:13 of 3rd period - Shot by Sebastian Aho.
17:13 of 3rd period - Shot Blocked by Troy Stecher.
17:16 of 3rd period - Icing by Jamie Drysdale.
17:17 of 3rd period - Casey Cizikas wins face-off versus John Tavares in Oilers zone.
17:25 of 3rd period - Troy Stecher beats up Lawson Crouse.
17:25 of 3rd period - Penalty to Lawson Crouse for Fighting.
17:25 of 3rd period - Penalty to Troy Stecher for Fighting.
17:26 of 3rd period - Casey Cizikas wins face-off versus John Tavares in neutral zone.
17:57 of 3rd period - Shot by Casey Cizikas.
17:57 of 3rd period - Stopped by Antti Raanta without a rebound.
17:58 of 3rd period - Ryan Johansen wins face-off versus Steven Stamkos in Flames zone.
18:00 of 3rd period - Brandon Hagel is hit by Dmitry Orlov and loses puck.
18:19 of 3rd period - Shot by Steven Stamkos.
18:19 of 3rd period - Stopped by Jack Campbell without a rebound.
18:20 of 3rd period - John Tavares wins face-off versus Dylan Strome in Oilers zone.
19:26 of 3rd period - Icing by Jamie Drysdale.
19:27 of 3rd period - Steven Stamkos wins face-off versus Casey Cizikas in Oilers zone.
19:58 of 3rd period - Shot by Kasperi Kapanen.
19:58 of 3rd period - Stopped by Antti Raanta without a rebound.
19:59 of 3rd period - Jordan Staal wins face-off versus Paul Stastny in Flames zone.
Goals for this period are 3 for Oilers vs 2 for Flames.
Shots for this period are 11 for Oilers vs 12 for Flames.